SAA
VIRGINIA BEACH WHALES @ NORTHVILLE ECLIPSE
07/29/2041
 
TOP OF THE 1ST
Virginia Beach Whales batting - Pitching for Northville Eclipse : RHP John Seawright
Pitching: RHP John Seawright
Batting: RHB Óscar Cardozo 0-0: Called Strike
0-1: Foul Ball, location: 2F
0-2: Ball
1-2: Ball
2-2: Fly out, F8 (Line Drive, 8LM, EV 92.5 MPH)
Batting: RHB Juan Oleastro 0-0: Ball
1-0: Ball
2-0: Ball
3-0: Base on Balls
Batting: RHB Doug Chapman 0-0: Called Strike
0-1: DOUBLE (Line Drive, 89D, EV 113.8 MPH)
Juan Oleastro to third
Batting: LHB Esteban Sifuentes 0-0: Ball
1-0: Ball
Wild Pitch!
Juan Oleastro scores
Doug Chapman to third
2-0: Ball
3-0: Called Strike
3-1: Foul Ball, location: 2F
3-2: Strikes out swinging
Batting: RHB Dave Thomas 0-0: Ball
1-0: Swinging Strike
1-1: Foul Ball, location: 2F
1-2: Strikes out looking
Top of the 1st over - 1 run, 1 hit, 0 errors, 1 left on base; Virginia Beach 1 - Northville 0
BOTTOM OF THE 1ST
Northville Eclipse batting - Pitching for Virginia Beach Whales : RHP Jesús Ríos
Pitching: RHP Jesús Ríos
Batting: RHB Junji Ito 0-0: Called Strike
0-1: Ball
1-1: Ball
2-1: Swinging Strike
2-2: Foul Ball, location: 2F
2-2: Foul Ball, location: 2F
2-2: Foul Ball, location: 2F
2-2: Ball
3-2: Strikes out swinging, 2-3 out at first.
Batting: SHB Javier Murillo 0-0: Ball
1-0: Fly out, F8 (Line Drive, 8LM, EV 90.0 MPH)
Batting: RHB Daron Mack 0-0: Ball
1-0: Called Strike
1-1: Ball
2-1: Called Strike
2-2: Foul Ball, location: 2F
2-2: Foul Ball, location: 2F
2-2: Strikes out swinging
Bottom of the 1st over - 0 runs, 0 hits, 0 errors, 0 left on base; Virginia Beach 1 - Northville 0
TOP OF THE 2ND
Virginia Beach Whales batting - Pitching for Northville Eclipse : RHP John Seawright
Batting: RHB Paul Pitts 0-0: Ball
1-0: Called Strike
1-1: Called Strike
1-2: Foul Ball, location: 2F
1-2: Hit by Pitch
Batting: LHB Keith Pick 0-0: Foul Ball, location: 2F
0-1: Ball
1-1: Swinging Strike
1-2: Strikes out swinging
Batting: RHB Pat Geldart 0-0: Reached on error, E4 (Groundball, 34, EV 107.5 MPH)
Paul Pitts to second
Batting: RHB Lloyd van Grootveld 0-0: Called Strike
0-1: Ball
1-1: Foul Ball, location: 2F
1-2: Ball
2-2: Grounds into double play, 6-4-3 (Groundball, 6S, EV 86.9 MPH)
Top of the 2nd over - 0 runs, 0 hits, 1 error, 1 left on base; Virginia Beach 1 - Northville 0
BOTTOM OF THE 2ND
Northville Eclipse batting - Pitching for Virginia Beach Whales : RHP Jesús Ríos
Batting: LHB You-liang Yang 0-0: Ball
1-0: Called Strike
1-1: Called Strike
1-2: Ball
2-2: Fly out, F7 (Line Drive, 7, EV 86.2 MPH)
Batting: RHB Jaime Burgos 0-0: Ball
1-0: Ball
2-0: SINGLE (Line Drive, 78S, EV 106.2 MPH)
Batting: RHB Rafael Manawis 0-0: Fly out, F7 (Flyball, 7LS, EV 85.6 MPH)
Batting: LHB Javier López 0-0: Ball
1-0: Called Strike
1-1: Ball
2-1: Ground out 4-3 (Groundball, 4, EV 80.6 MPH)
Bottom of the 2nd over - 0 runs, 1 hit, 0 errors, 1 left on base; Virginia Beach 1 - Northville 0
TOP OF THE 3RD
Virginia Beach Whales batting - Pitching for Northville Eclipse : RHP John Seawright
Batting: RHB Óscar Cardozo 0-0: Ball
1-0: Ball
2-0: SINGLE (Groundball, 6D, EV 99.4 MPH)
Batting: RHB Juan Oleastro 0-0: Ball
1-0: Ball
2-0: Ball
3-0: Swinging Strike
3-1: Foul Ball, location: 2F
3-2: Fly out, F8 (Line Drive, 8RM, EV 95.0 MPH)
Batting: RHB Doug Chapman 0-0: Ball
1-0: Foul Ball, location: 2F
1-1: Ball
2-1: Foul Ball, location: 2F
2-2: Fly out, F7 (Flyball, 78D, EV 100.6 MPH)
Batting: LHB Esteban Sifuentes 0-0: Ball
Óscar Cardozo steals 2nd base
1-0: Ball
2-0: Foul Ball, location: 2F
2-1: Ground out 6-3 (Groundball, 6, EV 86.2 MPH)
Top of the 3rd over - 0 runs, 1 hit, 0 errors, 1 left on base; Virginia Beach 1 - Northville 0
BOTTOM OF THE 3RD
Northville Eclipse batting - Pitching for Virginia Beach Whales : RHP Jesús Ríos
Batting: RHB Chris Owen 0-0: Ball
1-0: Ball
2-0: Ball
3-0: Called Strike
3-1: Swinging Strike
3-2: Base on Balls
Batting: RHB Eduardo Cruz 0-0: Called Strike
0-1: Called Strike
0-2: Strikes out swinging
Batting: RHB Junji Ito 0-0: Ball
1-0: Called Strike
1-1: Ball
2-1: Fly out, F7 (Flyball, 78S, EV 90.6 MPH)
Batting: SHB Javier Murillo 0-0: Ball
1-0: Called Strike
1-1: Called Strike
Chris Owen steals 2nd base
1-2: Ground out 4-3 (Groundball, 4M, EV 101.2 MPH)
Bottom of the 3rd over - 0 runs, 0 hits, 0 errors, 1 left on base; Virginia Beach 1 - Northville 0
TOP OF THE 4TH
Virginia Beach Whales batting - Pitching for Northville Eclipse : RHP John Seawright
Batting: RHB Dave Thomas 0-0: Ball
1-0: Ball
2-0: Ball
3-0: Called Strike
3-1: Fly out, F7 (Flyball, 7D, EV 85.6 MPH)
Batting: RHB Paul Pitts 0-0: Called Strike
0-1: Ball
1-1: Foul Ball, location: 2F
1-2: Ball
2-2: Ball
3-2: DOUBLE (Flyball, 89XD, EV 101.9 MPH)
Batting: LHB Keith Pick 0-0: Ball
1-0: Foul Ball, location: 2F
1-1: Ball
2-1: Foul Ball, location: 2F
2-2: Fly out, F8 (Flyball, 8LS, EV 81.2 MPH)
Batting: RHB Pat Geldart 0-0: Ball
1-0: Called Strike
1-1: Foul Ball, location: 2F
1-2: Ball
2-2: Ball
3-2: Ground out U3 (Groundball, 3, EV 88.8 MPH)
Top of the 4th over - 0 runs, 1 hit, 0 errors, 1 left on base; Virginia Beach 1 - Northville 0
BOTTOM OF THE 4TH
Northville Eclipse batting - Pitching for Virginia Beach Whales : RHP Jesús Ríos
Batting: RHB Daron Mack 0-0: Ball
1-0: Ball
2-0: Fly out, F8 (Line Drive, 8RM, EV 88.8 MPH)
Batting: LHB You-liang Yang 0-0: Foul Ball, location: 2F
0-1: Swinging Strike
0-2: Foul Ball, location: 2F
0-2: Foul Ball, location: 2F
0-2: Ball
1-2: Ground out 5-3 (Groundball, 5, EV 106.2 MPH)
Batting: RHB Jaime Burgos 0-0: Swinging Strike
0-1: Swinging Strike
0-2: Strikes out swinging
Bottom of the 4th over - 0 runs, 0 hits, 0 errors, 0 left on base; Virginia Beach 1 - Northville 0
TOP OF THE 5TH
Virginia Beach Whales batting - Pitching for Northville Eclipse : RHP John Seawright
Batting: RHB Lloyd van Grootveld 0-0: Foul Ball, location: 2F
0-1: Ball
1-1: Ground out U3 (Groundball, 34, EV 82.5 MPH)
Batting: RHB Óscar Cardozo 0-0: Called Strike
0-1: Ball
1-1: Swinging Strike
1-2: Strikes out swinging
Batting: RHB Juan Oleastro 0-0: Ball
1-0: Called Strike
1-1: Swinging Strike
1-2: Strikes out swinging
Top of the 5th over - 0 runs, 0 hits, 0 errors, 0 left on base; Virginia Beach 1 - Northville 0
BOTTOM OF THE 5TH
Northville Eclipse batting - Pitching for Virginia Beach Whales : RHP Jesús Ríos
Batting: RHB Rafael Manawis 0-0: SINGLE (Groundball, 56D, EV 96.9 MPH)
Batting: LHB Javier López 0-0: Sac Bunt to 13 - play at first, batter OUT! 1-3
Rafael Manawis to second
Batting: RHB Chris Owen 0-0: Ball
1-0: Swinging Strike
1-1: Ball
Wild Pitch!
Rafael Manawis to third
2-1: Foul Ball, location: 2F
2-2: Foul Ball, location: 2F
2-2: Foul Ball, location: 2F
2-2: Ball
3-2: Fly out, F7 (Flyball, 7S, EV 85.0 MPH)
Batting: RHB Eduardo Cruz 0-0: Fly out, F9 (Flyball, 9LM, EV 68.8 MPH)
Bottom of the 5th over - 0 runs, 1 hit, 0 errors, 1 left on base; Virginia Beach 1 - Northville 0
TOP OF THE 6TH
Virginia Beach Whales batting - Pitching for Northville Eclipse : RHP John Seawright
Batting: RHB Doug Chapman 0-0: Ball
1-0: Ground out 4-3 (Groundball, 4, EV 83.8 MPH)
Batting: LHB Esteban Sifuentes 0-0: Called Strike
0-1: Ball
1-1: SINGLE (Line Drive, 89M, EV 84.4 MPH)
Batting: RHB Dave Thomas 0-0: Foul Ball, location: 2F
0-1: Foul Ball, location: 2F
0-2: Ball
1-2: Strikes out swinging
Batting: RHB Paul Pitts 0-0: Ball
1-0: Foul Ball, location: 2F
1-1: Called Strike
1-2: Ball
2-2: Fly out, F9 (Line Drive, 9, EV 96.2 MPH)
Top of the 6th over - 0 runs, 1 hit, 0 errors, 1 left on base; Virginia Beach 1 - Northville 0
BOTTOM OF THE 6TH
Northville Eclipse batting - Pitching for Virginia Beach Whales : RHP Jesús Ríos
Batting: RHB Junji Ito 0-0: Ball
1-0: Called Strike
1-1: Ball
2-1: Ground out 2-3 (Groundball, 13S, EV 68.1 MPH)
Pitching: RHP António Arrojo
Batting: SHB Javier Murillo 0-0: Swinging Strike
0-1: Called Strike
0-2: Ball
1-2: Strikes out swinging
Batting: RHB Daron Mack 0-0: Ball
1-0: Ball
2-0: Called Strike
2-1: Swinging Strike
2-2: Strikes out looking
Bottom of the 6th over - 0 runs, 0 hits, 0 errors, 0 left on base; Virginia Beach 1 - Northville 0
TOP OF THE 7TH
Virginia Beach Whales batting - Pitching for Northville Eclipse : RHP John Seawright
Batting: LHB Keith Pick 0-0: Called Strike
0-1: Ground out 4-3 (Groundball, 4, EV 86.2 MPH)
Batting: RHB Pat Geldart 0-0: Called Strike
0-1: Swinging Strike
0-2: Strikes out looking
Batting: RHB Lloyd van Grootveld 0-0: Ball
1-0: Foul Ball, location: 2F
1-1: Foul Ball, location: 2F
1-2: Ball
2-2: Ball
3-2: Foul Ball, location: 2F
3-2: Fly out, F9 (Line Drive, 9D, EV 88.1 MPH)
Top of the 7th over - 0 runs, 0 hits, 0 errors, 0 left on base; Virginia Beach 1 - Northville 0
BOTTOM OF THE 7TH
Northville Eclipse batting - Pitching for Virginia Beach Whales : RHP António Arrojo
Batting: LHB You-liang Yang 0-0: Foul Ball, location: 2F
0-1: SINGLE (Line Drive, 8RS, EV 106.2 MPH)
Batting: RHB Jaime Burgos 0-0: Ball
1-0: Foul Ball, location: 2F
1-1: Ball
2-1: Foul Ball, location: 2F
2-2: Strikes out swinging
You-liang Yang steals 2nd base
Batter strikes out.
Batting: RHB Rafael Manawis 0-0: Ball
1-0: Fly out, F4 (Popup, 4S, EV 76.2 MPH)
Batting: LHB Javier López 0-0: Ball
1-0: Ball
2-0: Ball
3-0: Base on Balls
Pinch Hitting: SHB Shing Li 0-0: Ball
1-0: Ball
2-0: Foul Ball, location: 2F
2-1: Foul Ball, location: 2F
2-2: Ball
3-2: Ground out U3 (Groundball, 34S, EV 95.0 MPH)
Bottom of the 7th over - 0 runs, 1 hit, 0 errors, 2 left on base; Virginia Beach 1 - Northville 0
TOP OF THE 8TH
Virginia Beach Whales batting - Pitching for Northville Eclipse : RHP John Seawright
Pitching: RHP Juan Colón
Now in LF: Ricardo Urby
Batting: RHB Óscar Cardozo 0-0: Ball
1-0: Ground out 4-3 (Groundball, 4, EV 86.2 MPH)
Batting: RHB Juan Oleastro 0-0: Ball
1-0: Called Strike
1-1: Swinging Strike
1-2: Strikes out swinging
Batting: RHB Doug Chapman 0-0: Ground out 5-3 (Groundball, 5, EV 103.1 MPH)
Top of the 8th over - 0 runs, 0 hits, 0 errors, 0 left on base; Virginia Beach 1 - Northville 0
BOTTOM OF THE 8TH
Northville Eclipse batting - Pitching for Virginia Beach Whales : RHP António Arrojo
Batting: RHB Eduardo Cruz 0-0: Foul Ball, location: 2F
0-1: Called Strike
0-2: Ball
1-2: Ball
2-2: Ball
3-2: Strikes out swinging
Pitching: LHP Mike Park
Batting: RHB Junji Ito 0-0: Called Strike
0-1: SINGLE (Flyball, 8LD, EV 103.1 MPH)
Batting: SHB Javier Murillo 0-0: Ball
1-0: Called Strike
1-1: Fly out, F8 (Flyball, 78S, EV 88.8 MPH)
Pitching: RHP Olaf Solleveld
Batting: RHB Daron Mack 0-0: Ball
1-0: Foul Ball, location: 2F
1-1: Ball
2-1: Fielders Choice at 2nd, 6-4 (Groundball, 6, EV 76.9 MPH)
Bottom of the 8th over - 0 runs, 1 hit, 0 errors, 1 left on base; Virginia Beach 1 - Northville 0
TOP OF THE 9TH
Virginia Beach Whales batting - Pitching for Northville Eclipse : RHP Juan Colón
Batting: LHB Esteban Sifuentes 0-0: Ground out 5-3 (Groundball, 5, EV 81.2 MPH)
Batting: RHB Dave Thomas 0-0: Ball
1-0: Ball
2-0: Called Strike
2-1: Ball
3-1: Called Strike
3-2: Foul Ball, location: 2F
3-2: Base on Balls
Batting: RHB Paul Pitts 0-0: Called Strike
0-1: Ball
Dave Thomas steals 2nd base
1-1: Ball
2-1: Called Strike
2-2: Ball
3-2: Base on Balls
Batting: LHB Keith Pick 0-0: Ball
1-0: Grounds into double play, 5-4-3 (Groundball, 5S, EV 83.1 MPH)
Top of the 9th over - 0 runs, 0 hits, 0 errors, 1 left on base; Virginia Beach 1 - Northville 0
BOTTOM OF THE 9TH
Northville Eclipse batting - Pitching for Virginia Beach Whales : RHP Olaf Solleveld
Batting: LHB You-liang Yang 0-0: Ball
1-0: Ball
2-0: DOUBLE (Line Drive, 78XD, EV 104.4 MPH)
Batting: RHB Jaime Burgos 0-0: Foul Ball, location: 2F
0-1: Ground out 5-3 (Groundball, 5, EV 86.2 MPH)
Batting: RHB Rafael Manawis 0-0: Ball
1-0: Called Strike
1-1: SINGLE (Groundball, 15, EV 69.4 MPH) (infield hit)
You-liang Yang to third
Batting: LHB Javier López 0-0: Foul Ball, location: 2F
0-1: Called Strike
0-2: Ball
1-2: Foul Ball, location: 2F
1-2: Strikes out looking
Batting: RHB Ricardo Urby 0-0: Ground out 4-3 (Groundball, 4, EV 88.1 MPH)
Bottom of the 9th over - 0 runs, 2 hits, 0 errors, 2 left on base; Virginia Beach 1 - Northville 0
Tuesday, January 5th, 2021 - OOTP Baseball 20.8 Build 74